cohdb
Replays
Latest Replays
All Replays
Popular Replays
Top Player Replays
Match Explorer
How It Works
Community
CoH3 Stats
Reddit
Sign in to upload your games and track your stats! →
Sign in with Steam
Match 47271701
Unlisted
Match 47271701
Overview
Messages
Build Orders
End
Pioneer Squad
Construct Infanterie Kompanie
Selects Mechanized Battlegroup
MG 42 Machine Gun Team
GrW 34 Mortar Team
Grenadier Squad
Construct Panzergrenadier Kompanie
251 Medium Carrier
Pak 40 Anti-tank Gun Team
Selects Mobile Repair Stations
Panzergrenadier Squad
Selects Raid Package
Construct Panzer Kompanie
MG 42 Bunker
Selects StuG Assault Group
Stoßtruppen Squad
Medical Bunker
Selects UNKNOWN (2160084)
Panther Heavy Tank
<Alpha>saltingfish
Gotohell Nip
明太宗judy
MG29
TeamSpeakUser
LITTLE TRICKSTER
Da Cracka Whacka
Mr. Refreshing
0
0
Comments
sign in to comment!
No comments posted yet!